 Dungeon Sprint DCSS version 0.28.0-1-gb440e238dd (webtiles) character file.

Game seed: 5192469733493566946

9804 boopmooplesden the Severer (level 11, -11/116 HPs)
             Began as a Minotaur Fighter on Feb 21, 2022.
             Was a High Priest of Okawaru.
             Killed from afar by a golden dragon (44 damage)
             ... with a bolt of cold
             ... in the Dungeon (Sprint II: "The Violet Keep of Menkaure").
             The game lasted 00:09:07 (1886 turns).

boopmooplesden the Severer (Minotaur Fighter)       Turns: 1886, Time: 00:09:08

Health: -11/116    AC: 21    Str: 22    XL:     11   Next: 27%
Magic:  1/10       EV: 11    Int: 14    God:    Okawaru [*****.]
Gold:   477        SH: 16    Dex: 11    Spells: 10/10 levels left

rFire   . . .      SeeInvis +   k - +1 war axe (vamp)
rCold   . . .      Faith    .   v - +3 kite shield
rNeg    . . .      Spirit   .   d - +6 scale mail of Disappointment {rPois Str-5 Int+5 Dex+2}
rPois   +          Reflect  .   f - +2 hat
rElec   .          Harm     .   i - +3 cloak "Uramm" {Int+4 SInv}
rCorr   .          Rampage  .   o - +0 pair of gloves {Str+3}
Will    .....      Rage     1%  (no boots)
Stlth   .......... NoTele   +   (no amulet)
HPRegen 0.00/turn               (no ring)
MPRegen 0.12/turn               (no ring)

@: very heavily contaminated, inhibited regen, glowing, unable to read
A: horns 2, retaliatory headbutt, berserk 1, deformed body, low MP 1, inhibited
regeneration, weak 1, inability to read while threatened
a: Renounce Religion, Heroism, Finesse


You were in the Dungeon.
You worshipped Okawaru.
Okawaru was extremely pleased with you.
You visited 1 branch You collected 1682 gold pieces.
You spent 1205 gold pieces at shops.

Inventory:

Hand Weapons
 a - a +0 war axe
 k - a +1 vampiric war axe (weapon)
 t - a +2 whip of draining
Armour
 b - a +0 scale mail
 c - a +0 buckler
 d - the +6 scale mail of Disappointment (worn) {rPois Str-5 Int+5 Dex+2}
   (You bought it in a shop in the Dungeon)

   Str:       It affects your strength (-5).
   Int:       It affects your intelligence (+5).
   Dex:       It affects your dexterity (+2).
   rPois:     It protects you from poison.
 f - a +2 hat (worn)
 i - the +3 cloak "Uramm" (worn) {Int+4 SInv}
   (You bought it in a shop in the Dungeon)

   Int:       It affects your intelligence (+4).
   SInv:      It lets you see invisible.
 l - a scarf of invisibility
 n - +0 ice dragon scales
 o - a +0 pair of gloves of strength (worn)
 u - a +0 pair of gloves
 v - a +3 kite shield (worn)
Jewellery
 p - a +6 ring of dexterity
Scrolls
 j - a scroll of blinking
 r - 2 scrolls of identify
 y - a scroll of holy word
Potions
 e - a potion of curing
 g - a potion of haste
 h - 5 potions of magic
 m - 2 potions of flight
 w - 3 potions of cancellation
 z - 2 potions of resistance


   Skills:
 + Level 16.7 Fighting
 + Level 17.4 Axes
 + Level 15.7 Armour
 + Level 5.5 Dodging
 + Level 0.7 Stealth
 + Level 16.5 Shields
 + Level 2.7 Invocations


You had 10 spell levels left.
You didn't know any spells.
Your spell library contained the following spells:

 Spells                   Type           Power      Damage    Failure   Level
 Sandblast                Erth           0%         2d4       67%         1
 Ensorcelled Hibernation  Hex/Ice        0%         N/A       80%         2
 Passwall                 Tmut/Erth      0%         N/A       80%         2
 Static Discharge         Conj/Air       0%         N/A       80%         2
 Ignite Poison            Fire/Tmut/Pois 0%         N/A       95%         3
 Mephitic Cloud           Conj/Pois/Air  0%         N/A       95%         3
 Spider Form              Tmut/Pois      0%         N/A       95%         3
 Stone Arrow              Conj/Erth      0%         3d7       95%         3
 Swiftness                Air            0%         N/A       95%         3
 Anguish                  Hex/Necr       0%         N/A       100%        4
 Freezing Cloud           Conj/Ice/Air   0%         6-21      100%        5
 Lightning Bolt           Conj/Air       0%         1d11      100%        5
 Maxwell's Capacitive Co  Air            0%         ∞         100%        8


Dungeon Overview and Level Annotations

Branches:
Dungeon (1/1)

Altars:
Cheibriados
Dithmenos
Elyvilon
Fedhas
Gozag
Hepliaklqana
Kikubaaqudgha
Makhleb
Nemelex Xobeh
Okawaru
Qazlal
Ru
Sif Muna
Trog
Uskayaw
Vehumet
Wu Jian
Xom
Yredelemnul
Zin
The Shining One
Beogh
Jiyva
Lugonu

Shops:
D [*[(:*?:([([(:=!*(=*(==![?(

Annotations:
D exclusions: ice statue, oklob plant and orange crystal statue


Innate Abilities, Weirdness & Mutations

You have a pair of horns on your head.
You reflexively headbutt those who attack you in melee.
You tend to lose your temper in combat.
Armour fits poorly on your strangely shaped body.
Your magical capacity is low. (-10% MP)
You do not regenerate when monsters are visible.
You are weak. (Str -2)
You sometimes lose the ability to read scrolls when taking damage.


Message History

The orange crystal statue is engulfed in mutagenic fog.
The golden dragon is engulfed in mutagenic fog.
The golden dragon bites you.
* * * LOW HITPOINT WARNING * * *
The golden dragon claws you but does no damage.
The golden dragon tramples you but does no damage.
You slice the golden dragon!!
The golden dragon is moderately wounded.
You are engulfed in mutagenic fog.
The mutagenic energy flows into you.
You are practically glowing with residual magic!
The orange crystal statue is engulfed in mutagenic fog.
The orange crystal statue glitters.
You slash the golden dragon!
You feel better.
The golden dragon is moderately wounded.
You are engulfed in mutagenic fog.
The mutagenic energy flows into you.
The golden dragon is engulfed in mutagenic fog.
The golden dragon twists and deforms.
You block the golden dragon's attack. The golden dragon closely misses you.
You block the golden dragon's attack.
You barely miss the golden dragon. Your headbutt misses the golden dragon.
The golden dragon is moderately wounded.
The orange crystal statue is engulfed in mutagenic fog.
The orange crystal statue glitters.
The golden dragon bites you.
* * * LOW HITPOINT WARNING * * *
You block the golden dragon's attack. x2
You slice the golden dragon!!
You feel better.
The golden dragon is heavily wounded.
Your resistance to elements expires.
The orange crystal statue is engulfed in mutagenic fog.
You block the golden dragon's attack. x3
You hit the golden dragon.
You feel better.
The golden dragon is heavily wounded.
The orange crystal statue is engulfed in mutagenic fog.
The orange crystal statue glitters.
You slash the golden dragon! You headbutt the golden dragon!
The golden dragon is severely wounded.
The golden dragon is engulfed in mutagenic fog.
The golden dragon breathes cold at you. The bolt of cold hits you!!!
You die...

########## ###
.....[†..# +.+
......#.[#### #@#
'######†##..####D####
∩∩∩∩∩∩#†('.##§§§§§○○##
∩∩∩∩∩∩#..###≈≈§§§§§§○##
▓▓
########..e≈≈§§§8§§§≈§#
+° #.D.####§§§§§§§≈≈##
#○ .e.....≈##§§§§§≈≈##
#.
##########)≈#+++#+++##
#
#########≈≈≈.........#
#


You could see a golden dragon (catching breath, misshapen) and an orange crystal
statue.

Vanquished Creatures
  Kirke (D)
  A kraken (D)
  A cacodemon (D)
  A yaktaur captain (D)
  An ice dragon (D)
  A centaur warrior (D)
  A death yak (D)
  An elephant (D)
  A merfolk siren (D)
  A yaktaur (D)
  3 polar bears (D)
  A hornet (D)
  2 slime creatures (D)
  4 wyverns (D)
  4 neqoxecs (D)
  5 water moccasins (D)
  5 necrophages (D)
  An iron imp (D)
  A hell rat (D)
  4 tentacles (D)
40 creatures vanquished.

Vanquished Creatures (others)
  A kobold demonologist (D)
  Menkaure (D)
  19 tentacles (D)
21 creatures vanquished.

Grand Total: 61 creatures vanquished

Notes
Turn   | Place    | Note
-------+----------+-------------------------------------------
     0 | D        | boopmooplesden the Minotaur Fighter began the quest for the
                  | Orb.
     0 | D        | Reached XP level 1. HP: 19/19 MP: 0/0
     1 | D        | Noticed a neqoxec
     1 | D        | Noticed a neqoxec
     6 | D        | Killed a neqoxec
     7 | D        | Reached skill level 3 in Axes
     7 | D        | Reached XP level 2. HP: 11/34 MP: 1/1
     7 | D        | Reached XP level 3. HP: 13/39 MP: 2/2
     7 | D        | Reached XP level 4. HP: 16/47 MP: 3/3
     7 | D        | Noticed a neqoxec
     8 | D        | Gained mutation: Your magical capacity is low. (-10% MP) [a
                  | neqoxec]
    11 | D        | HP: 1/47 [neqoxec (8)]
    13 | D        | Killed a neqoxec
    13 | D        | Lost intelligence.
    14 | D        | Reached skill level 4 in Axes
    14 | D        | Reached XP level 5. HP: 23/57 MP: 3/3
    19 | D        | Killed a neqoxec
    20 | D        | Reached skill level 10 in Fighting
    20 | D        | Reached skill level 5 in Axes
    20 | D        | Reached skill level 10 in Armour
    20 | D        | Reached XP level 6. HP: 18/66 MP: 4/4
    22 | D        | Found Ogragur's Jewellery Emporium.
    22 | D        | Found Zuot's Antique Armour Emporium.
    22 | D        | Found Filosmi's Antique Weapon Emporium.
    22 | D        | Found Irieluav's Distillery.
    23 | D        | Found Gaob's Assorted Antiques.
    23 | D        | Found Ogiov's Jewellery Shoppe.
    23 | D        | Found Eveuzuwu's Magic Scroll Shoppe.
    24 | D        | Noticed a neqoxec
    25 | D        | Noticed a water moccasin
    26 | D        | Gained mutation: Potions are less effective at restoring
                  | your health. [a neqoxec]
    28 | D        | Killed Menkaure
    33 | D        | Killed a neqoxec
    34 | D        | Reached skill level 10 in Shields
    34 | D        | Reached XP level 7. HP: 21/73 MP: 5/5
   255 | D        | Found Duint's Distillery.
   256 | D        | Found Qyuhaa's Antique Weapon Shoppe.
   256 | D        | Found Vidwucat's Antique Armour Emporium.
   256 | D        | Noticed a hell hog
   256 | D        | Noticed a hell hog
   262 | D        | Reached skill level 6 in Axes
   556 | D        | Noticed a merfolk siren
   562 | D        | Killed a merfolk siren
   563 | D        | Reached skill level 7 in Axes
   563 | D        | Reached XP level 8. HP: 85/85 MP: 6/6
   588 | D        | Reached skill level 8 in Axes
   612 | D        | Reached skill level 9 in Axes
   697 | D        | Found Weiros's Weapon Emporium.
   697 | D        | Found Memneyn's Book Shoppe.
   697 | D        | Noticed an oklob plant
   698 | D        | Found Favine's Antique Weapon Shoppe.
   698 | D        | Found Totwic's Book Shoppe.
   698 | D        | Found Uprikh's Antique Armour Emporium.
   699 | D        | Noticed an iron elemental
   702 | D        | Noticed a fire dragon
   709 | D        | Bought an encrusted scale mail for 225 gold pieces
   709 | D        | Identified the +6 scale mail of Disappointment {rPois Str-5
                  | Int+5 Dex+2} (You bought it in a shop in the Dungeon)
   709 | D        | Bought a glowing hat for 175 gold pieces
   727 | D        | Bought a +1 vampiric war axe for 192 gold pieces
   735 | D        | Bought a runed scarf for 264 gold pieces
   814 | D        | Found an opulent altar of Gozag.
   815 | D        | Found a blossoming altar of Fedhas.
   817 | D        | Found a white marble altar of Elyvilon.
   817 | D        | Found a burning altar of Makhleb.
   818 | D        | Found a shadowy altar of Dithmenos.
   818 | D        | Found a corrupted altar of Lugonu.
   819 | D        | Found a snail-covered altar of Cheibriados.
   819 | D        | Found an ancient bone altar of Kikubaaqudgha.
   819 | D        | Found a bloodstained altar of Trog.
   820 | D        | Found a viscous altar of Jiyva.
   820 | D        | Found a shimmering blue altar of Sif Muna.
   821 | D        | Found a hazy altar of Hepliaklqana.
   821 | D        | Found a sacrificial altar of Ru.
   822 | D        | Found a shimmering altar of Xom.
   823 | D        | Found a stormy altar of Qazlal.
   823 | D        | Found an ornate altar of the Wu Jian Council.
   823 | D        | Found a sparkling altar of Nemelex Xobeh.
   823 | D        | Found a hide-covered altar of Uskayaw.
   823 | D        | Found a basalt altar of Yredelemnul.
   823 | D        | Found a glowing golden altar of the Shining One.
   823 | D        | Noticed a hornet
   823 | D        | Noticed a polar bear
   823 | D        | Noticed a polar bear
   823 | D        | Noticed a polar bear
   824 | D        | Found an iron altar of Okawaru.
   824 | D        | Found a radiant altar of Vehumet.
   824 | D        | Found a glowing silver altar of Zin.
   824 | D        | Noticed a yaktaur
   830 | D        | Noticed an ice statue
   833 | D        | Became a worshipper of Warmaster Okawaru
   847 | D        | Killed a polar bear
   851 | D        | Killed a hornet
   852 | D        | Reached skill level 10 in Axes
   852 | D        | Reached XP level 9. HP: 94/94 MP: 7/7
   853 | D        | Killed a polar bear
   853 | D        | Reached * piety under Okawaru
   853 | D        | Killed a polar bear
   854 | D        | Reached skill level 11 in Axes
   856 | D        | Killed a yaktaur
   857 | D        | Reached skill level 12 in Axes
   857 | D        | Reached skill level 1 in Dodging
   874 | D        | Noticed a kraken
   886 | D        | Reached ** piety under Okawaru
  1098 | D        | Killed a kraken
  1098 | D        | Reached *** piety under Okawaru
  1099 | D        | Reached skill level 15 in Fighting
  1099 | D        | Reached skill level 13 in Axes
  1099 | D        | Reached XP level 10. HP: 83/105 MP: 6/8
  1257 | D        | Noticed an orange crystal statue
  1260 | D        | Noticed Kirke
  1260 | D        | Noticed a yaktaur captain
  1274 | D        | Noticed a sixfirhy
  1284 | D        | Noticed a skeletal warrior
  1284 | D        | Killed a yaktaur captain
  1285 | D        | Reached skill level 14 in Axes
  1285 | D        | Reached skill level 1 in Invocations
  1465 | D        | Noticed a great orb of eyes
  1491 | D        | Killed Kirke
  1491 | D        | Reached **** piety under Okawaru
  1492 | D        | Reached skill level 15 in Axes
  1492 | D        | Reached skill level 15 in Armour
  1517 | D        | Noticed a centaur warrior
  1519 | D        | Noticed an elephant
  1531 | D        | Killed a centaur warrior
  1552 | D        | Killed an elephant
  1552 | D        | Reached ***** piety under Okawaru
  1553 | D        | Reached skill level 16 in Axes
  1553 | D        | Reached skill level 15 in Shields
  1559 | D        | Bought a shimmering cloak for 199 gold pieces
  1559 | D        | Identified the +3 cloak "Uramm" {Int+4 SInv} (You bought it
                  | in a shop in the Dungeon)
  1623 | D        | Noticed a death yak
  1623 | D        | Noticed an ice dragon
  1647 | D        | Killed an ice dragon
  1648 | D        | Reached XP level 11. HP: 93/114 MP: 8/10
  1653 | D        | Killed a death yak
  1654 | D        | Reached skill level 5 in Dodging
  1672 | D        | Reached skill level 17 in Axes
  1787 | D        | Found Hidanawo's Antique Armour Emporium.
  1787 | D        | Found Utaog's Assorted Antiques.
  1788 | D        | Found Keegoc's General Store.
  1788 | D        | Found Reroh's Antique Armour Shoppe.
  1788 | D        | Found Sowk's Book Boutique.
  1788 | D        | Found Lappinawo's General Store.
  1788 | D        | Found Kuugeut's Weapon Shop.
  1788 | D        | Found Tounon's Magic Scroll Shoppe.
  1788 | D        | Found Ewke's Antique Weapon Boutique.
  1788 | D        | Found Ohelus's Jewellery Emporium.
  1788 | D        | Found Goarhe's Antique Weapon Shop.
  1788 | D        | Found Isahemum's Jewellery Shoppe.
  1790 | D        | Bought a pair of runed gloves for 150 gold pieces
  1836 | D        | Noticed a cacodemon
  1836 | D        | Noticed a golden dragon
  1839 | D        | Noticed a deep elf high priest
  1843 | D        | Lost mutation: Potions are less effective at restoring your
                  | health. [mutagenic glow]
  1845 | D        | Gained mutation: You sometimes lose the ability to read
                  | scrolls when taking damage. [a cacodemon]
  1854 | D        | Gained mutation: You tend to lose your temper in combat. [a
                  | cacodemon]
  1857 | D        | Gained mutation: You are weak. (Str -2) [mutagenic glow]
  1868 | D        | Gained mutation: Armour fits poorly on your strangely
                  | shaped body. [a cacodemon]
  1872 | D        | Gained mutation: You do not regenerate when monsters are
                  | visible. [mutagenic glow]
  1877 | D        | Killed a cacodemon
  1886 | D        | Killed from afar by a golden dragon

Illustrated notes

Levels and vault maps discovered:
D:        the_violet_keep_of_menkaure [sprint2_stairs_cluster_1,
          sprint2_shoproom, sprint2_temple, sprint2_basic_supplies,
          sprint2_obstacle_5, sprint2_obstacle_2, sprint2_obstacle_4,
          sprint2_obstacle_1, sprint2_obstacle_6, sprint2_timed_cluster_1,
          sprint2_smallroom_cluster_1, sprint2_smallroom_final_cluster_1,
          sprint2_transparent_cluster_1, sprint2_second_timed_cluster_1,
          sprint2_sniper_area_1, sprint2_heavy_combat_area_1,
          sprint2_mutation_trap_area_1, sprint2_forest_area_1,
          sprint2_light_combat_area_1, sprint2_behind_water_1,
          sprint2_near_end_vault_1]

Skill      XL: |  1  2  3  4  5  6  7  8  9 10 11 |
---------------+----------------------------------+-----
Fighting       | 7 9 10 12 13 15 16 | 16.7
Axes           | 3 4 5 7 10 13 16 17 | 17.4
Armour         | 7 9 10 12 13 14 15 | 15.7
Shields        | 7 8 9 10 11 12 13 15 16 | 16.5
Dodging        | 2 4 5 |  5.5
Invocations    | 2 |  2.7
Stealth        | |  0.7

Action                   |  1- 3 |  4- 6 |  7- 9 | 10-12 || total
-------------------------+-------+-------+-------+-------++-------
Melee: War axe           |     4 |    12 |   114 |   120 ||   250
       Headbutt          |     2 |     5 |    20 |    37 ||    64
Invok: Heroism           |       |       |     2 |     3 ||     5
  Use: Potion            |     1 |     1 |     1 |     7 ||    10
       Scroll            |       |       |       |    11 ||    11
Armor: Scale mail        |     1 |     1 |    58 |    39 ||    99
Dodge: Dodged            |     1 |     6 |    46 |    21 ||    74
Block: Buckler           |       |     2 |    31 |       ||    33
       Kite shield       |       |       |    25 |    73 ||    98
